 Dungeon Crawl Stone Soup version 0.28.0-53-g5a82cb258f (webtiles) character file.

Game seed: 3353506148139852008

2354 SanguineChosen the Cleaver (level 9, -20/79 HPs)
             Began as a Minotaur Berserker on July 29, 2022.
             Was an Elder of Trog.
             Demolished by an enormous slime creature (62 damage)
             ... on level 7 of the Dungeon.
             The game lasted 00:25:45 (7943 turns).

SanguineChosen the Cleaver (Minotaur Berserker)     Turns: 7943, Time: 00:25:45

Health: -20/79     AC: 12    Str: 26    XL:     9   Next: 20%
Magic:  8/8        EV: 11    Int:  4    God:    Trog [****..]
Gold:   278        SH:  0    Dex: 10    Spells: 8/8 levels left

rFire   . . .      SeeInvis .   s - +2 hand axe (elec)
rCold   + . .      Faith    .   (no shield)
rNeg    . . .      Spirit   .   i - +0 scale mail
rPois   .          Reflect  .   (helmet restricted)
rElec   .          Harm     .   j - +0 cloak
rCorr   .          Rampage  .   e - +0 pair of gloves
Will    .....                   a - +0 pair of boots
Stlth   ..........              o - amulet of the acrobat
HPRegen 0.23/turn               k - ring of protection from cold
MPRegen 0.11/turn               (no ring)

@: no status effects
A: horns 2, retaliatory headbutt
a: Renounce Religion, Berserk, Trog's Hand, Brothers in Arms


You were on level 7 of the Dungeon.
You worshipped Trog.
Trog was greatly pleased with you.
You visited 1 branch of the dungeon, and saw 7 of its levels.

You collected 278 gold pieces.

Inventory:

Hand Weapons
 l - a +3 flail of holy wrath
 s - a +2 hand axe of electrocution (weapon)
Missiles
 t - 4 poisoned darts (quivered)
Armour
 a - a +0 pair of boots (worn)
 e - a +0 pair of gloves (worn)
 i - a +0 scale mail (worn)
 j - a +0 cloak (worn)
Jewellery
 c - an amulet of regeneration
 k - a ring of protection from cold (left hand)
 n - a +6 ring of intelligence
 o - an amulet of the acrobat (around neck)
Wands
 q - a wand of paralysis (7)
 v - a wand of flame (7)
Scrolls
 b - a scroll of magic mapping
 d - 3 scrolls of fog
 u - 2 scrolls of identify
Potions
 f - a potion of heal wounds
 g - 2 potions of flight
 h - a potion of haste
 m - 2 potions of cancellation
 r - 2 potions of lignification


   Skills:
 + Level 7.2 Fighting
 + Level 9.9 Axes
 + Level 8.7 Armour
 + Level 4.9 Dodging
 - Level 0.2 Stealth


You had 8 spell levels left.
You didn't know any spells.
Your spell library was empty.

Dungeon Overview and Level Annotations

Branches:
Dungeon (7/15)             Temple (0/1) D:6

Altars:
Okawaru

Annotations:
D:6 2 runed translucent doors
D:7 2 transporters, Diggabert's ghost, novice DECj


Innate Abilities, Weirdness & Mutations

You have a pair of horns on your head.
You reflexively headbutt those who attack you in melee.


Message History

A slime creature comes into view.
The slime creature quivers.
The slime creature hits you!
You slash the slime creature!
The slime creature is lightly wounded.
The slime creature hits you but does no damage.
Two slime creatures merge to form a large slime creature.
You hit the large slime creature.
Lightning courses through the large slime creature!
The large slime creature is lightly wounded.
You hit the large slime creature. You headbutt the large slime creature!
The large slime creature is moderately wounded.
You hit the slime creature.
Lightning courses through the slime creature!
Two slime creatures merge to form a very large slime creature.
The slime creature barely misses you.
Two slime creatures merge to form an enormous slime creature.
Aiming: Throw Flame
Press: ? - help, Q - select action, (/) - cycle Shift-Dir - straight line, f - enormous slime creature
Aim: an enormous slime creature (moderately wounded, 93% to hit)
The puff of flame hits the enormous slime creature!
The enormous slime creature is moderately wounded.
Aiming: Throw Flame
Press: ? - help, Q - select action, (/) - cycle Shift-Dir - straight line, f/p - enormous slime creature
Aim: an enormous slime creature (moderately wounded, 93% to hit)
The puff of flame hits the enormous slime creature.
The enormous slime creature is moderately wounded.
Aiming: Throw Flame
Press: ? - help, Q - select action, (/) - cycle Shift-Dir - straight line, f/p - enormous slime creature
Aim: an enormous slime creature (moderately wounded, 93% to hit)
The puff of flame hits the enormous slime creature!
The enormous slime creature is moderately wounded.
The enormous slime creature hits you!!!
You feel better.
The enormous slime creature closely misses you.
You slash the enormous slime creature!
The enormous slime creature is moderately wounded.
The enormous slime creature hits you!!!
Ouch! That really hurt!
You die...

.# .....##.....#
##..#....##.##.#
#.#...#..W#.# #
W#.##..##.## ##
##W#...#.#©..# .#
.#5#.....##..### .##
©#W5.©# #....# ..#
.#5.#...
#.##.###..#..#
##.....#
#.##..@J.....# #
.#.#...#..#######....#
# #.#...#... ...# ##
.....©#....# ..#
.###...###....# .#
...#####......# #
..............#
..............#
..............#


You could see an enormous slime creature.

Vanquished Creatures
  Pikel (D:6)
  A slime creature (D:7)
  Sigmund (D:6)
  Edmund (D:5)
  A sky beast (D:5)
  An ogre (D:4)
  A centaur (D:5)
  3 phantoms
  A kobold brigand (D:7)
  A scorpion (D:2)
  A howler monkey (D:5)
  A jelly (D:6)
  A bullfrog zombie (D:5)
  A centaur skeleton (D:6)
  5 hounds
  An orc priest (D:7)
  Jessica (D:3)
  Terence (D:3)
  4 iguanas
  2 orc wizards
  A killer bee zombie (D:7)
  Robin (D:3)
  10 gnolls
  4 adders
  An ufetubus (D:5)
  2 worms
  2 dart slugs (D:4)
  4 orcs
  3 ball pythons
  7 endoplasms
  4 giant cockroaches
  16 goblins
  8 hobgoblins
  5 kobolds
  2 quokkas (D:4)
  4 bats
  13 frilled lizards
  A rat (D:1)
118 creatures vanquished.

Notes
Turn   | Place    | Note
-------+----------+-------------------------------------------
     0 | D:1      | SanguineChosen the Minotaur Berserker began the quest for
                  | the Orb.
     0 | D:1      | Reached XP level 1. HP: 19/19 MP: 0/0
   126 | D:1      | Found a faded altar of an unknown god.
   338 | D:1      | Reached XP level 2. HP: 27/27 MP: 1/1
  1117 | D:2      | Reached skill level 4 in Axes
  1241 | D:2      | Reached XP level 3. HP: 17/33 MP: 2/2
  1413 | D:2      | Noticed a scorpion
  1438 | D:2      | Killed a scorpion
  1439 | D:2      | Reached XP level 4. HP: 24/41 MP: 3/3
  1692 | D:2      | Reached skill level 5 in Axes
  1988 | D:2      | Reached ** piety under Trog
  1997 | D:2      | Reached XP level 5. HP: 43/47 MP: 4/4
  2463 | D:3      | Noticed Robin
  2505 | D:3      | Killed Robin
  2519 | D:3      | Reached skill level 5 in Fighting
  2864 | D:3      | Noticed Terence
  2874 | D:3      | Killed Terence
  3032 | D:3      | Noticed Jessica
  3057 | D:3      | Killed Jessica
  3362 | D:3      | Reached XP level 6. HP: 42/56 MP: 5/5
  3899 | D:4      | Reached skill level 6 in Axes
  4046 | D:4      | Reached *** piety under Trog
  4351 | D:5      | Entered Level 5 of the Dungeon
  4673 | D:5      | Reached skill level 5 in Armour
  4710 | D:5      | Reached XP level 7. HP: 61/61 MP: 6/6
  4989 | D:5      | Reached skill level 7 in Axes
  5745 | D:5      | Reached XP level 8. HP: 46/70 MP: 7/7
  5892 | D:5      | Noticed Edmund
  5915 | D:5      | Killed Edmund
  5916 | D:5      | Reached skill level 8 in Axes
  6575 | D:6      | Noticed Sigmund
  6589 | D:6      | Killed Sigmund
  6607 | D:6      | Found an iron altar of Okawaru.
  6641 | D:6      | Found a runed translucent door.
  6645 | D:6      | Found a runed translucent door.
  6759 | D:6      | Found a staircase to the Ecumenical Temple.
  6815 | D:6      | Noticed Pikel
  6836 | D:6      | Killed Pikel
  6837 | D:6      | Reached skill level 9 in Axes
  7239 | D:6      | Reached XP level 9. HP: 75/79 MP: 8/8
  7780 | D:7      | Reached **** piety under Trog
  7853 | D:7      | Found a transporter.
  7868 | D:7      | Found a transporter.
  7873 | D:7      | Noticed Diggabert's ghost (novice DECj)
  7943 | D:7      | Demolished by an enormous slime creature

Illustrated notes

Levels and vault maps discovered:
D:1:      saegor_arrival_simple_d, layout_loops_ring,
          hellmonk_ecumenical_altar_inner_sanctum
D:2:      layout_rooms, minmay_lizard_pond
D:3:      layout_loops_ring, uniq_jessica, uniq_terence, uniq_robin
D:4:      layout_cave_pools
D:5:      layout_gridville, uniq_edmund
D:6:      lemuel_insect_pit, layout_basic, okawaru_gym_becter,
          minmay_temple_entry_glass, serial_bayou_lagoon_a, uniq_pikel,
          uniq_sigmund
D:7:      layout_basic, gammafunk_ghost_stat_death, supply_closet_lemuel,
          grunt_ministairs_10, uniq_menkaure

Skill      XL: |  1  2  3  4  5  6  7  8 |
---------------+-------------------------+-----
Fighting       | 4 5 6 7 |  7.2
Axes           | 4 5 6 7 9 |  9.9
Armour         | 3 4 5 6 8 |  8.7
Dodging        | 3 4 |  4.9
Stealth        | |  0.2

Action                   |  1- 3 |  4- 6 |  7- 9 || total
-------------------------+-------+-------+-------++-------
Melee: Hand axe          |    46 |   179 |   173 ||   398
       Headbutt          |     8 |    33 |    29 ||    70
       Punch             |       |     1 |     1 ||     2
Evoke: Wand              |       |       |     3 ||     3
  Use: Scroll            |       |     4 |    11 ||    15
       Potion            |       |     1 |     3 ||     4
Armor: Animal skin       |     4 |       |       ||     4
       Ring mail         |     7 |    21 |       ||    28
       Scale mail        |       |    22 |    77 ||    99
Dodge: Dodged            |    31 |    88 |   117 ||   236
